 Dungeon Crawl Stone Soup version 0.32-a0-616-g9348d4545b (webtiles) character file.

Game seed: 17954757120740745481

3833 jasper the Grappler (level 9, 0/65 HPs)
             Began as a Demonspawn Shapeshifter on Mar 5, 2024.
             Was an Elder of Fedhas.
             Succumbed to a gnoll's poison
             ... on level 8 of the Dungeon.
             The game lasted 00:12:18 (7684 turns).

jasper the Grappler (Demonspawn Shapeshifter)       Turns: 7684, Time: 00:12:18

Health: 0/65       AC:  4    Str: 17 (18) XL:     9   Next: 98%
Magic:  6/15       EV: 17    Int:  8 (10) God:    Fedhas [****..]
Gold:   330        SH:  4    Dex: 13 (14) Spells: 8/8 levels left

rFire   . .          .
                       - Unarmed
rCold   . . .        (shield currently unavailable)
rNeg    . . .        f - melded +1 scale mail
rPois   .            (no helmet)
rElec   .            x - +0 cloak
rCorr   .            N - +0 pair of gloves
SInv    +            (no boots)
Will    .....        C - amulet of guardian spirit
Stlth   +            v - ring of see invisible
HPRegen 0.30/turn    (no ring)
MPRegen 0.14/turn

%: guardian spirit
@: lethally poisoned (0 -> -3), flux-form, attractive, glowing
A: glow, contaminating, hooves 2, thin metallic scales 1, demonic guardian 2,
condensation shield
a: Begin Untransformation, Renounce Religion, Wall of Briars, Grow
Ballistomycete, Overgrow


You were on level 8 of the Dungeon.
You worshipped Fedhas.
Fedhas was greatly pleased with you.
You were something dangerously unstable.
You visited 1 branch of the dungeon, and saw 8 of its levels.

You collected 384 gold pieces.
You spent 54 gold pieces at shops.

Inventory:

Missiles
 g - 4 boomerangs (quivered)
 o - 78 stones
 s - 2 throwing nets
Armour
 a - a +0 animal skin
 f - a +1 scale mail (melded)
 w - a scarf of shadows
 x - a +0 cloak (worn)
 N - a +0 pair of gloves (worn)
Jewellery
 n - a ring of wizardry
 q - a +6 ring of intelligence
 v - a ring of see invisible (left hand)
 y - a ring of ice
 C - an amulet of guardian spirit (around neck)
 J - a ring of resist corrosion
Talismans
 c - a beast talisman
 d - a flux talisman (active)
Wands
 b - a wand of polymorph (9)
 p - a wand of charming (2)
 r - a wand of mindburst (22)
 E - a wand of flame (7)
 L - a wand of iceblast (8)
Scrolls
 h - 5 scrolls of fear
 j - 2 scrolls of teleportation
 l - 3 scrolls of poison
 D - a scroll of brand weapon
 I - a scroll of vulnerability
 K - a scroll of silence
 M - a scroll of fog
Potions
 e - 3 potions of brilliance
 i - a potion of magic
 m - 2 potions of might
 u - 2 potions of haste
 A - 2 potions of cancellation
 B - a potion of invisibility {unknown}
 F - a potion of attraction
 G - a potion of enlightenment {unknown}
 H - a potion of mutation {unknown}


   Skills:
 + Level 4.1 Fighting
 + Level 4.1 Dodging
 - Level 8.3 Unarmed Combat
 - Level 8.2 Invocations
 - Level 7.0 Shapeshifting


You had 8 spell levels left.
You didn't know any spells.
Your spell library contained the following spells:

 Spells                   Type           Power      Damage    Failure   Level
 Shock                    Conj/Air       0%         1d3       41%         1
 Swiftness                Air            0%         N/A       78%         3
 Airstrike                Air            0%         2d(0-16)  99%         4


Dungeon Overview and Level Annotations

Branches:
Dungeon (8/15)             Temple (0/1) D:6
   Lair: D:8-11

Altars:
Ashenzari
Fedhas
Qazlal
Trog

Shops:
D:7 *

Portals:
Bailey: D:8


Innate Abilities, Weirdness & Mutations

You are something dangerously unstable.
You glow with magical radiation, making you easy to see and hit.
Foes you strike become dangerously contaminated with magical radiation.
You are incapable of wielding weapons or throwing items.
You have hoof-like feet.
You are partially covered in thin metallic scales. (AC +2)
A demonic guardian rushes to your aid.
A meltable shield of frost defends you. (SH +4)


Message History

Your Fighting skill increases to level 4!
Your Dodging skill increases to level 4!
Found a flagged portal.
A goblin comes into view. It is wielding a +0 spear.
The goblin shouts!
The gnoll hits you with a +2 spear of venom!
* * * LOW HITPOINT WARNING * * *
You are lethally poisoned!
You take 7 damage, and have 13/65 hp.
You now have 6/15 mp.
You barely miss the gnoll. You kick the gnoll.
The gnoll is lightly wounded.
* * * LOW HITPOINT WARNING * * *
You feel very sick.
You take 3 damage, and have 10/65 hp.
Okay, then.
As you read the scroll of fear, it crumbles to dust.
You assume a fearsome visage.
The goblin looks frightened!
The gnoll looks frightened!
The orc looks frightened!
* * * LOW HITPOINT WARNING * * *
You feel very sick.
A gnoll comes into view. It is wielding a +0 spear.
You take 3 damage, and have 7/65 hp.
You enter the shallow water.
Moving in this stuff is going to be slow.
* * * LOW HITPOINT WARNING * * *
You feel sick.
Cornered, the orc turns to fight!
You take 2 damage, and have 5/65 hp.
* * * LOW HITPOINT WARNING * * *
You feel very sick.
You take 2 damage, and have 3/65 hp.
It was a potion of degeneration.
There was something very wrong with that liquid.
You feel weakened.
You feel dopey.
You feel clumsy.
* * * LOW HITPOINT WARNING * * *
You feel sick.
You take 2 damage, and have 1/65 hp.
It was a potion of attraction.
You feel attractive to monsters.
You die...
Fedhas appreciates your contribution to the ecosystem.

.... #..... ~~#.## ##.....
#g#..## ##...... #g##..##
#.....). ##~#....####......
#.~#......#...)..#
#.~.......[..§....
##.~.............#.
#∩p~.........#...#.
##.~...............
#.~....##.<..##.## #
#.~o...g##......# #.
##~#............# #.~ #########
#~.............#
#.~###.......###~..#........#..#
#.~~~~~)~)~~~~~)[## ........#...
###....##.).....)# #......... ..


You could see 2 gnolls, an orc and a goblin (fleeing).

Vanquished Creatures
  A wyvern (D:8)
  A steam dragon (D:8)
  Duvessa (D:4)
  2 ice beasts (D:6)
  2 sky beasts
  3 black bears
  2 ogres
  A phantom (D:6)
  Blork the orc (D:6)
  2 gnoll sergeants
  A scorpion (D:7)
  8 wights
  Dowan (D:4)
  A howler monkey (D:3)
  6 hounds
  A jelly (D:7)
  4 orc priests
  3 gnoll boudas
  2 iguanas
  An orc wizard (D:4)
  19 gnolls
  12 adders
  2 shadow imps
  6 ufetubi
  4 dart slugs
  13 orcs
  5 bats
  4 endoplasms
  4 giant cockroaches
  5 goblins
  8 hobgoblins
  4 jackals
  3 quokkas
  5 ball pythons
  7 frilled lizards
  10 kobolds
  3 rats
158 creatures vanquished.

Vanquished Creatures (collateral kills)
  Joseph (D:7)
  A basilisk (D:8)
  An ice beast (D:7)
  A bullfrog (D:8)
  A gnoll sergeant (D:8)
  A wight (D:8)
  An orc priest (D:7)
  2 orc wizards
  10 gnolls
  5 orcs
  A ballistomycete spore (D:8)
25 creatures vanquished.

Vanquished Creatures (others)
  An arcanist (D:5)
  Ijyb (D:5)
2 creatures vanquished.

Grand Total: 185 creatures vanquished

Notes
Turn   | Place    | Note
-------+----------+-------------------------------------------
     0 | D:1      | jasper the Demonspawn Shapeshifter began the quest for the
                  | Orb.
     0 | D:1      | Reached XP level 1. HP: 15/15 MP: 1/1
   219 | D:1      | Gained mutation: A meltable shield of frost defends you.
                  | (SH +4) [demonic ancestry]
   219 | D:1      | Reached XP level 2. HP: 21/21 MP: 2/2
   457 | D:1      | You fall into a shaft and drop 1 floor!
   624 | D:2      | Reached XP level 3. HP: 26/26 MP: 3/3
  1645 | D:3      | Reached XP level 4. HP: 30/32 MP: 4/4
  1659 | D:3      | Found a blossoming altar of Fedhas.
  1713 | D:3      | Became a worshipper of Fedhas Madash
  1886 | D:3      | Found a broken altar of Ashenzari.
  2389 | D:3      | Reached skill level 5 in Unarmed Combat
  2389 | D:3      | Gained mutation: You have large cloven feet. [demonic
                  | ancestry]
  2389 | D:3      | Reached XP level 5. HP: 34/37 MP: 5/5
  2651 | D:3      | Reached * piety under Fedhas
  2803 | D:3      | Gained mutation: A weak demonic guardian rushes to your
                  | aid. [demonic ancestry]
  2803 | D:3      | Reached XP level 6. HP: 41/43 MP: 6/6
  3042 | D:4      | Noticed Dowan
  3042 | D:4      | Noticed Duvessa
  3068 | D:4      | Killed Duvessa
  3075 | D:4      | Killed Dowan
  3076 | D:4      | Gained mutation: You have hoof-like feet. [demonic
                  | ancestry]
  3076 | D:4      | Reached XP level 7. HP: 44/48 MP: 7/7
  3768 | D:5      | Entered Level 5 of the Dungeon
  3935 | D:5      | Noticed Ijyb
  3958 | D:4      | Reached ** piety under Fedhas
  4224 | D:5      | Killed Ijyb
  4855 | D:5      | Found a bloodstained altar of Trog.
  4856 | D:5      | Noticed a wizard
  4862 | D:5      | Killed a wizard
  5215 | D:6      | Gained mutation: A demonic guardian rushes to your aid.
                  | [demonic ancestry]
  5215 | D:6      | Reached XP level 8. HP: 44/54 MP: 5/8
  5385 | D:6      | Reached skill level 5 in Shapeshifting
  5535 | D:6      | Found a stormy altar of Qazlal.
  5640 | D:6      | Reached *** piety under Fedhas
  5712 | D:6      | Noticed Blork the orc
  5717 | D:6      | Killed Blork the orc
  5793 | D:6      | Reached skill level 1 in Invocations
  5835 | D:6      | Gained mutation: You are partially covered in thin metallic
                  | scales. (AC +2) [demonic ancestry]
  5835 | D:6      | Reached XP level 9. HP: 29/59 MP: 6/11
  5961 | D:6      | Found a staircase to the Ecumenical Temple.
  6507 | D:7      | Reached skill level 5 in Invocations
  6753 | D:7      | Noticed Joseph
  6779 | D:7      | Killed Joseph
  7165 | D:7      | Found Acoalijodo's General Store.
  7291 | D:7      | Bought a +0 pair of gloves for 54 gold pieces
  7360 | D:7      | Reached **** piety under Fedhas
  7671 | D:8      | Found a flagged portal.
  7682 | D:8      | HP: 3/65 [poisoned by a gnoll]
  7683 | D:8      | HP: 1/65 [poisoned by a gnoll]
  7684 | D:8      | Succumbed to a gnoll's poison

Illustrated notes

Levels and vault maps discovered:
D:1:      dpeg_arrival_rooms_c, layout_loops_ring
D:2:      layout_basic
D:3:      minmay_diamond_boxcup, layout_loops_corners,
          mainiacjoe_overflow_24_doors, fedhas_altar_1
D:4:      layout_basic, kennysheep_minor_cross, serial_bayou_crossing,
          uniq_duvessa
D:5:      layout_layer_cave, trog_wizard, uniq_ijyb
D:6:      layout_loops_corners, nicolae_qazlal_beasts_of_the_sky,
          temple_doors_e, minmay_misc_feat_doors, hex_large, uniq_blork_the_orc
D:7:      layout_rooms, serial_shops, nicolae_shop_real_fake_doors, uniq_joseph
D:8:      layout_cave_pools, david_lair_generic, lightli_bailey_entry_fortress,
          serial_rivers, chequers_serial_rivers_micro_b,
          chequers_serial_rivers_micro_b, chequers_serial_rivers_micro_b,
          chequers_serial_rivers_large_a, chequers_serial_rivers_small_b,
          chequers_serial_rivers_small_b

Skill      XL: |  1  2  3  4  5  6  7  8  9 |
---------------+----------------------------+-----
Unarmed Combat | 3 4 5 6 7 8 |  8.3
Shapeshifting  | 4 7 |  7.0
Invocations    | 3 8 |  8.2
Dodging        | 4 |  4.1
Fighting       | 4 |  4.1

Action                     |  1- 3 |  4- 6 |  7- 9 || total
---------------------------+-------+-------+-------++-------
  Melee: Unarmed           |   109 |   135 |   293 ||   537
         Punch             |     1 |       |     7 ||     8
         Kick              |       |    22 |    98 ||   120
  Throw: Boomerang         |    16 |     3 |       ||    19
 Invoke: Grow Ballistomyce |       |       |     1 ||     1
  Evoke: Wand              |       |       |    12 ||    12
    Use: Scroll            |     9 |     7 |     4 ||    20
         Potion            |       |     2 |     5 ||     7
 Armour: Animal skin       |    10 |       |       ||    10
         Scale mail        |    40 |    74 |   102 ||   216
         Skin              |       |     5 |    97 ||   102
  Dodge: Dodged            |    45 |    66 |   227 ||   338
  Block: Other             |    11 |    19 |    55 ||    85
   Form: Flux              |       |       |     1 ||     1

Table legend: (Time is in decaauts)
 A = Elapsed time spent in this place.
 B = Non-inter-level travel time spent in this place.
 C = Inter-level travel time spent in this place.
 D = Time resting spent in this place.
 E = Time spent auto-exploring this place.
 F = Levels seen in this place.
 G = Mean time per level.
                   A        B        C        D        E       F      G
               +--------+--------+--------+--------+--------+-----+--------+
         Total |   7634 |   7317 |    317 |    331 |   5574 |   8 |  954.2 |
       Dungeon |   7634 |   7317 |    317 |    331 |   5574 |   8 |  954.2 |
               +--------+--------+--------+--------+--------+-----+--------+

Top non-repeatable levels by time:
     D:6: 1336 daAuts
     D:5: 1250 daAuts
     D:3: 1191 daAuts
     D:7: 1096 daAuts
     D:4: 1041 daAuts
     D:1: 869 daAuts
     D:2: 734 daAuts
     D:8: 114 daAuts
